 Dungeon Crawl Stone Soup version 0.28.0-55-gcd9437bce4 (webtiles) character file.

Game seed: 14663325259021767204

14 cbfl8 the Ruffian (level 2, 0/26 HPs)
             Began as a Ghoul Berserker on Dec 1, 2022.
             Was a Follower of Trog.
             Slain by a bat (1 damage)
             ... on level 2 of the Dungeon.
             The game lasted 00:00:33 (645 turns).

cbfl8 the Ruffian (Ghoul Berserker)                  Turns: 645, Time: 00:00:34

Health: 0/26       AC:  2    Str: 19    XL:     2   Next: 45%
Magic:  1/1        EV: 11    Int:  3    God:    Trog [*.....]
Gold:   27         SH:  0    Dex:  8    Spells: 1/1 levels left

rFire   . . .      SeeInvis .     - Unarmed
rCold   + . .      Faith    .   (no shield)
rNeg    + + +      Spirit   .   a - +0 animal skin
rPois   ∞          Reflect  .   (no helmet)
rElec   .          Harm     .   (no cloak)
rCorr   .          Rampage  .   (no gloves)
Will    .....                   (no boots)
Stlth   +.........              (no amulet)
HPRegen 0.00/turn               (no ring)
MPRegen 0.07/turn               (no ring)

@: inhibited regen
A: claws 1, cold resistance 1, negative energy resistance 3, inhibited
regeneration, torment resistance 2
a: Renounce Religion


You were on level 2 of the Dungeon.
You worshipped Trog.
Trog was aware of your devotion.
You visited 1 branch of the dungeon, and saw 2 of its levels.

You collected 27 gold pieces.

Inventory:

Armour
 a - a +0 animal skin (worn)
Scrolls
 c - a scroll of vulnerability {unknown}
 f - a scroll of immolation {unknown}
 g - a scroll of magic mapping {unknown}
Potions
 b - a potion of berserk rage {unknown}
 d - a potion of brilliance {unknown}
 e - a potion of magic {unknown}


   Skills:
 + Level 3.6 Fighting
 + Level 2.0 Armour
 + Level 1.8 Dodging
 + Level 3.6 Unarmed Combat


You had one spell level left.
You didn't know any spells.
Your spell library was empty.

Dungeon Overview and Level Annotations

Branches:
Dungeon (2/15)

Altars:


Innate Abilities, Weirdness & Mutations

You thrive by killing the living.
You are immune to poison.
You have sharp fingernails.
Your flesh is cold resistant. (rC+)
You are immune to negative energy. (rN+++)
You do not regenerate when monsters are visible.
You are immune to unholy pain and torment.


Message History

The frilled lizard bites you but does no damage.
You miss the frilled lizard. The frilled lizard barely misses you.
You closely miss the frilled lizard. The frilled lizard barely misses you.
You closely miss the frilled lizard. The frilled lizard closely misses you.
You scratch the frilled lizard.
The frilled lizard is heavily wounded.
The frilled lizard closely misses you.
You scratch the frilled lizard.
You kill the frilled lizard!
Trog accepts your kill. The bat hits you but does no damage.
Your Armour skill increases to level 2!
The bat hits you but does no damage.
You see here a frilled lizard corpse.
The bat hits you but does no damage. The bat hits you.
* * * LOW HITPOINT WARNING * * *
The bat closely misses you. The bat hits you but does no damage.
A bat comes into view.
The bat misses you. The bat hits you.
* * * LOW HITPOINT WARNING * * *
You barely miss the bat. The bat closely misses you.
You claw the bat!
You kill the bat!
Trog accepts your kill.
You feel better. The bat closely misses you.
Found 22 stones.
The bat closely misses you.
You see here a bat corpse.
Found 16 bolts.
The bat closely misses you. The bat hits you.
* * * LOW HITPOINT WARNING * * *
The bat closely misses you. The bat hits you.
* * * LOW HITPOINT WARNING * * *
The bat barely misses you. The bat hits you but does no damage.
The bat hits you but does no damage.
You barely miss the bat. The bat hits you.
You die...

#.#.###.#
#.#.....#
#
#.#.#....
#.#.# .#
#.#.#
#†#.# # #
#.#.#.#.##
+.........
#.@.....#
#.b.(...#
##........
+........
#......#.
.......(.
.........
########.


You could see a bat.

Vanquished Creatures
  2 bats
  2 giant cockroaches (D:1)
  2 hobgoblins (D:1)
  A kobold (D:1)
  A ball python (D:1)
  A frilled lizard (D:2)
  2 goblins (D:1)
  2 rats (D:1)
13 creatures vanquished.

Notes
Turn   | Place    | Note
-------+----------+-------------------------------------------
     0 | D:1      | cbfl8 the Ghoul Berserker began the quest for the Orb.
     0 | D:1      | Reached XP level 1. HP: 19/19 MP: 0/0
   205 | D:1      | Reached XP level 2. HP: 14/26 MP: 1/1
   635 | D:2      | HP: 1/26 [bat (1)]
   642 | D:2      | HP: 1/26 [bat (1)]
   645 | D:2      | Slain by a bat

Illustrated notes

Levels and vault maps discovered:
D:1:      zaba_arrival_water, layout_basic, hellmonk_ecumenical_altar_lost_god,
          st_stairs_5
D:2:      layout_basic, serial_shops, shop, uniq_crazy_yiuf_cottage, uniq_robin,
          uniq_natasha

Skill      XL: |  1  2 |
---------------+-------+-----
Armour         | 2 |  2.0
Fighting       | |  3.6
Dodging        | |  1.8
Unarmed Combat | |  3.6

Action                   || total
-------------------------++-------
Melee: Unarmed           ||    44
Armor: Animal skin       ||    26
Dodge: Dodged            ||    58
